 Dungeon Crawl Stone Soup version 0.29.1-2-gbd0b4ee654 (webtiles) character file.

Game seed: 13074125676900046682

185 Icepheonix32 the Changer (level 5, 0/40 HPs)
             Began as a Demigod Transmuter on Nov 7, 2022.
             Slain by a mummy (11 damage)
             ... in an ossuary.
             The game lasted 00:04:24 (3016 turns).

Icepheonix32 the Changer (Demigod Transmuter)       Turns: 3016, Time: 00:04:24

Health: 0/40       AC:  6    Str: 14    XL:     5   Next: 14%
Magic:  8/12       EV: 13    Int: 14    God:
Gold:   190        SH:  0    Dex: 18    Spells: 2/9 levels left

rFire   . . .      SeeInvis .     - Unarmed
rCold   . . .      Faith    .   (no shield)
rNeg    . . .      Spirit   .   a - +2 robe
rPois   .          Reflect  .   (no helmet)
rElec   .          Harm     .   (no cloak)
rCorr   .          Rampage  .   (no gloves)
Will    .....                   (no boots)
Stlth   ++........              (no amulet)
HPRegen 0.13/turn               (no ring)
MPRegen 0.13/turn               (no ring)

@: wereblooded (expiring)
A: high MP 1, forlorn, divine attributes, iridescent scales 1, agile 1
a: no special abilities


You were in an ossuary.
You visited 1 branch of the dungeon, and saw 4 of its levels.
You also visited: Ossuary.

You collected 190 gold pieces.

Inventory:

Armour
 a - a +2 robe (worn)
Jewellery
 i - a ring of resist corrosion
Wands
 g - a wand of roots (7)
Scrolls
 f - a scroll of magic mapping
 h - 3 scrolls of fear
Potions
 e - 2 potions of curing {unknown}


   Skills:
 - Level 1.0 Fighting
 + Level 2.3 Dodging
 + Level 1.3 Stealth
 - Level 3.1 Unarmed Combat
 + Level 2.8 Spellcasting
 * Level 3.4 Transmutations


You had 2 spell levels left.
You knew the following spells:

 Your Spells              Type           Power      Damage    Failure   Level
a - Beastly Appendage     Tmut           22%        N/A       5%          1
b - Wereblood             Tmut           11%        N/A       8%          2
c - Ice Form              Ice/Tmut       6%         N/A       71%         4

Your spell library contained the following spells:

 Spells                   Type           Power      Damage    Failure   Level
 Spider Form              Tmut/Pois      6%         N/A       32%         3
 Call Canine Familiar     Summ           2%         N/A       54%         3
 Portal Projectile        Hex/Tloc       4%         N/A       54%         3
 Tukima's Dance           Hex            2%         N/A       54%         3
 Blade Hands              Tmut           5%         N/A       82%         5
 Leda's Liquefaction      Hex/Erth       1%         N/A       91%         4
 Dispersal                Tloc           1%         N/A       100%        6
 Disjunction              Tloc           1%         N/A       100%        8


Dungeon Overview and Level Annotations

Branches:
Dungeon (4/15)            Ossuary (1/1)
 Temple: D:4-7


Innate Abilities, Weirdness & Mutations

You have an increased reservoir of magic. (+10% MP)
You shall have no god before yourself.
Your divine heritage dramatically boosts your attributes as you level up.
You are partially covered in iridescent scales. (AC +2)
You are agile. (Dex +4, Str/Int -1)


Message History

The mummy hits you! The orc zombie hits you.
You howl as the wereblood boils in your veins!
You hit the hobgoblin zombie but do no damage.
You hit the hobgoblin zombie.
Your headbutt misses the hobgoblin zombie.
You punch the hobgoblin zombie.
You feel a bit better.
You destroy the hobgoblin zombie!
The orc zombie completely misses you.
You barely miss the mummy. Your headbutt misses the mummy.
You howl as the wereblood boils in your veins!
The orc zombie hits you but does no damage.
You hit the mummy but do no damage. You claw the mummy.
The mummy is moderately damaged.
Your horns disappear.
Your talons disappear.
The mummy hits you but does no damage.
You barely miss the mummy.
The mummy is moderately damaged.
You hit the mummy.
The mummy is moderately damaged.
The mummy hits you!
* * * LOW HITPOINT WARNING * * *
Unknown command.
Okay, then.
You hit the orc zombie but do no damage.
The orc zombie barely misses you.
Unknown command.
You hit the orc zombie.
The orc zombie is severely damaged.
The mummy completely misses you.
Unknown command.
You howl as the wereblood boils in your veins!
There is an empty arch of ancient stone here.
The orc zombie completely misses you. The orc zombie misses you.
Your primal bloodlust is almost over.
The orc zombie hits you.
* * * LOW HITPOINT WARNING * * *
The orc zombie closely misses you. The orc zombie closely misses you.
The mummy hits you!
You die...

Z............
...........
........#
......#
#....# #....#
#....# #....#
#@...# #.M..#
#ZZ..# #.M..#
#.∩∩.# ######


You could see 2 mummies and 2 orc zombies.

Vanquished Creatures
  A hound (D:4)
  6 mummies
  An adder (D:3)
  2 dart slugs (D:1)
  An orc (D:4)
  5 bats
  5 endoplasms
  3 giant cockroaches
  A gnoll zombie (Ossuary)
  3 goblins
  8 hobgoblins
  7 kobolds
  2 quokkas
  5 ball pythons
  10 frilled lizards
  3 hobgoblin zombies (Ossuary)
  A kobold zombie (Ossuary)
  6 rats
70 creatures vanquished.

Notes
Turn   | Place    | Note
-------+----------+-------------------------------------------
     0 | D:1      | Icepheonix32 the Demigod Transmuter began the quest for the
                  | Orb.
     0 | D:1      | Reached XP level 1. HP: 15/15 MP: 5/5
   561 | D:1      | Reached XP level 2. HP: 22/22 MP: 5/7
   902 | D:1      | Reached skill level 1 in Fighting
  1433 | D:2      | Reached XP level 3. HP: 25/28 MP: 6/8
  2660 | D:4      | Reached skill level 1 in Stealth
  2660 | D:4      | Reached XP level 4. HP: 19/35 MP: 8/10
  2780 | D:4      | Found a sand-covered staircase.
  2794 | D:4      | Learned a level 2 spell: Wereblood
  2799 | D:4      | Learned a level 4 spell: Ice Form
  2803 | D:4      | Gained mutation: You are partially covered in iridescent
                  | scales. (AC +2) [potion of mutation]
  2803 | D:4      | Gained mutation: You are agile. (Dex +4, Str/Int -1)
                  | [potion of mutation]
  2935 | Ossuary  | Entered an ossuary
  2988 | Ossuary  | Reached XP level 5. HP: 38/40 MP: 9/12
  3016 | Ossuary  | Slain by a mummy

Illustrated notes

Levels and vault maps discovered:
D:1:      moated_graveyard_arrival, layout_basic,
          chequers_ecumenical_altar_island, serial_park_tiny_2
D:2:      layout_loops_ring, minmay_misc_feat_square, minmay_lizard_pond
D:3:      layout_rooms, fedhas_altar_1
D:4:      layout_rooms, gup_ossuary_entry_pyramid, grunt_tough_drop
Ossuary:  ossuary_tomb_3

Skill      XL: |  1  2  3  4 |
---------------+-------------+-----
Unarmed Combat | 3 |  3.1
Spellcasting   | 2 |  2.8
Transmutations | 2 3 |  3.4
Fighting       | 1 |  1.0
Dodging        | 2 |  2.3
Stealth        | 1 |  1.3

Action                   |  1- 3 |  4- 6 || total
-------------------------+-------+-------++-------
Melee: Unarmed           |   157 |    47 ||   204
       Kick              |    33 |    13 ||    46
       Headbutt          |    14 |     8 ||    22
       Punch             |     1 |     3 ||     4
 Cast: Beastly Appendage |    27 |     5 ||    32
       Wereblood         |       |     2 ||     2
Evoke: Wand              |       |     1 ||     1
  Use: Scroll            |     1 |     4 ||     5
       Potion            |     1 |     2 ||     3
 Stab: Sleeping          |     1 |       ||     1
Armor: Robe              |    37 |     8 ||    45
Dodge: Dodged            |   104 |    29 ||   133
